 Seeded DCSS version 0.30.0-16-gbe6223bb7e (webtiles) character file.

Game seed: 14264579263101056378 (custom seed)

42872 GigaChad the Marksminotaur (level 13, -5/116 HPs)
             Began as a Minotaur Hunter on May 21, 2023.
             Was a High Priest of Ignis.
             Slain by a tyrant leech (12 damage)
             ... while petrified by a basilisk
             ... on level 5 of the Lair of Beasts.
             The game lasted 00:24:58 (11750 turns).

GigaChad the Marksminotaur (Minotaur Hunter)       Turns: 11750, Time: 00:24:59

Health: -5/116     AC: 22    Str: 18    XL:     13   Next: 87%
Magic:  12/12      EV:  2    Int:  8    God:    Ignis [*****.]
Gold:   967        SH:  0    Dex: 23    Spells: 12/12 levels left

rFire   + . .        n - +27 heavy crossbow "Sniper" {heavy, Acc+∞ SInv}
rCold   + . .        (shield currently unavailable)
rNeg    + + +        y - +18 Lear's hauberk
rPois   ∞            (helmet currently unavailable)
rElec   .            (no cloak)
rCorr   .            (gloves currently unavailable)
SInv    +            (boots currently unavailable)
Will    .....        (no amulet)
Stlth   +            E - ring of Irhank {rPois Will- EV+5 Int+2}
HPRegen 0.39/turn    M - ring of Summer {*Corrode rC+ rN+ Will+ Dex+6}
MPRegen 0.13/turn

%: corrode self (3%)
@: petrified, corroded
A: horns 2, retaliatory headbutt
a: Renounce Religion, Fiery Armour, Foxfire Swarm, Rising Flame


You were on level 5 of the Lair of Beasts.
You worshipped Ignis.
Ignis was extremely pleased with you.
You visited 4 branches of the dungeon, and saw 17 of its levels.
You also visited: Ossuary and Bailey.

You collected 1057 gold pieces.
You spent 90 gold pieces at shops.

Inventory:

Hand Weapons
 a - a +1 shortbow
 n - the +27 heavy crossbow "Sniper" (weapon) {heavy, Acc+∞ SInv}
   (You found it on level 2 of the Dungeon)

   Acc+∞: It never misses its target.
   SInv:      It lets you see invisible.
 w - the +3 spear of the Pits of Slime {speed, Int+4}
   (You found it on level 6 of the Dungeon)

   Int:       It affects your intelligence (+4).
 x - a +0 spectral battleaxe
Armour
 c - a +1 leather armour
 o - the +0 leather armour "Ridoucw" {Int+4}
   (You found it on level 3 of the Dungeon)

   Int:       It affects your intelligence (+4).
 v - a +0 ring mail
 y - the +18 Lear's hauberk (worn)
   (You found it on level 6 of the Dungeon)
 I - a +2 hat of see invisible
Jewellery
 E - the ring of Irhank (left hand) {rPois Will- EV+5 Int+2}
   (You found it on level 8 of the Dungeon)

   [ring of evasion]

   EV:        It affects your evasion (+5).
   Int:       It affects your intelligence (+2).
   rPois:     It protects you from poison.
   Will:      It decreases your willpower.
 H - a +6 ring of strength
 L - a +6 ring of dexterity
 M - the ring of Summer (right hand) {*Corrode rC+ rN+ Will+ Dex+6}
   (You found it on level 3 of the Lair of Beasts)

   [ring of dexterity]

   Dex:       It affects your dexterity (+6).
   rC:        It protects you from cold.
   rN:        It protects you from negative energy.
   *Corrode:  It may corrode you when you take damage.
   Will:      It increases your willpower.
 N - an amulet of the acrobat
 O - a ring of fire
Wands
 B - a wand of charming (16)
 C - a wand of roots (16)
 G - a wand of flame (16)
 J - a wand of mindburst (24)
 K - a wand of quicksilver (1)
Scrolls
 b - a scroll of immolation
 g - 5 scrolls of fear
 i - a scroll of silence
 q - 4 scrolls of teleportation
 t - 4 scrolls of amnesia
 u - 2 scrolls of fog
 D - a scroll of blinking
 F - a scroll of butterflies
 P - a scroll of magic mapping {unknown}
 Q - a scroll of identify
 R - a scroll of vulnerability {unknown}
Potions
 d - 7 potions of lignification
 e - 4 potions of haste
 f - 7 potions of heal wounds
 h - 5 potions of cancellation
 j - 4 potions of mutation
 k - 3 potions of brilliance
 l - 5 potions of flight
 m - 4 potions of berserk rage {unknown}
 p - 11 potions of curing
 r - 5 potions of might {unknown}
 z - 6 potions of ambrosia
 A - 2 potions of magic {unknown}
Miscellaneous
 s - a box of beasts


   Skills:
 * Level 11.4 Fighting
 * Level 19.0 Ranged Weapons
 * Level 12.2 Armour
 * Level 9.0 Dodging
 * Level 6.1 Stealth


You had 12 spell levels left.
You didn't know any spells.
Your spell library contained the following spells:

 Spells                   Type           Power      Damage    Failure   Level
 Apportation              Tloc           0%         N/A       94%         1
 Cigotuvi's Dreadful Rot  Necr/Pois/Air  0%         N/A       98%         2
 Frozen Ramparts          Ice            0%         1d1       100%        3
 Mephitic Cloud           Conj/Pois/Air  0%         N/A       100%        3
 Tukima's Dance           Hex            0%         N/A       100%        3
 Volatile Blastmotes      Fire/Tloc      0%         2d10      100%        3
 Fulminant Prism          Conj/Hex       0%         3d5       100%        4
 Ice Form                 Ice/Tmut       0%         N/A       100%        4
 Iskenderun's Mystic Bla  Conj/Tloc      0%         2d3       100%        4
 Passage of Golubria      Tloc           0%         N/A       100%        4
 Summon Ice Beast         Ice/Summ       0%         N/A       100%        4
 Alistair's Intoxication  Tmut/Pois      0%         N/A       100%        5
 Lee's Rapid Deconstruct  Erth           0%         3d4*      100%        5
 Yara's Violent Unravell  Hex/Tmut       0%         3d3       100%        5
 Dispersal                Tloc           0%         N/A       100%        6


Dungeon Overview and Level Annotations

Branches:
Dungeon (10/15)            Temple (1/1) D:6            Lair (5/5) D:10
  Swamp (0/4) Lair:3        Snake (1/4) Lair:2          Orc (0/2) D:9
Ossuary (visited)          Bailey (visited)
  Slime: Lair:4-5

Altars:
Ashenzari
Cheibriados
Dithmenos
Elyvilon
Fedhas
Gozag
Makhleb
Qazlal
Ru
Sif Muna
Trog
Uskayaw
Vehumet
Wu Jian
Yredelemnul
Zin
The Shining One
Ignis

Shops:
D:4 ?

Portals:
Ice
Cave: Lair:1

Annotations:
D:2 1 runed translucent door, Crazy Yiuf
Lair:2 1 runed translucent door, jtron's ghost, journeyman TrBe


Innate Abilities, Weirdness & Mutations

You have a pair of horns on your head.
You reflexively headbutt those who attack you in melee.


Message History

Unknown command.
Unknown command.
You shoot a bolt. The bolt hits the vampire mosquito!!!!
You destroy the vampire mosquito!
The blink frog hits you but does no damage.
The blink frog completely misses you. The skyshark bites you!
The skyshark enters a blood-rage!
The skyshark barely misses you. The skyshark closely misses you.
The blink frog misses you. The tyrant leech bites you!
The tyrant leech draws strength from your injuries!
The skyshark bites you but does no damage.
The skyshark tail-slaps you but does no damage.
The skyshark tail-slaps you.
The blink frog hits you but does no damage.
The tyrant leech bites you.
The skyshark bites you but does no damage.
The skyshark closely misses you.
The skyshark tail-slaps you but does no damage.
The blink frog barely misses you.
The tyrant leech bites you but does no damage.
The skyshark misses you. You furiously retaliate!
You headbutt the skyshark. The skyshark tail-slaps you!
The skyshark tail-slaps you.
The blink frog hits you but does no damage.
You have turned to stone.
Your Dodging skill increases to level 9!
The skyshark bites you!
* * * LOW HITPOINT WARNING * * *
The skyshark tail-slaps you but does no damage.
The skyshark tail-slaps you!
* * * LOW HITPOINT WARNING * * *
The blink frog blinks!
The tyrant leech bites you!
* * * LOW HITPOINT WARNING * * *
The skyshark bites you!
* * * LOW HITPOINT WARNING * * *
Your corrosive artefact corrodes you!
The skyshark tail-slaps you but does no damage. x2
The skyshark bites you but does no damage.
The skyshark tail-slaps you but does no damage. x2
The tyrant leech bites you!!
You die...

.....# ## .... ......
... #...... #.###
###....... #†#.#
##.........
##..####.F...†....
#.................
#....##P.....§l......
#....#
#..#..#@†...... #...#
######w........ ####
#...P..#.#. ########


You could see a skyshark (berserk), a tyrant leech and a blink frog.

Vanquished Creatures
  Gastronok (Lair:2)
  Josephine (Lair:4)
  A catoblepas (Lair:3)
  8 hydras
  A boulder beetle (Lair:2)
  A two-headed ogre (D:9)
  2 death yaks (Lair:2)
  A naga sharpshooter (Snake:1)
  Sonja (Lair:4)
  A skyshark (Lair:2)
  4 lindwurms (Lair:2)
  9 elephants (Lair:5)
  A torpor snail (Lair:2)
  2 gargoyles
  4 black mambas
  9 cane toads
  9 komodo dragons
  2 rime drakes
  A queen bee (Lair:2)
  2 trolls
  A hornet (Lair:3)
  A polar bear (Lair:4)
  15 blink frogs
  3 dream sheep
  A vampire (Bailey)
  4 wraiths (Lair:4)
  4 wyverns
  20 yaks
  2 basilisks (Lair:1)
  2 steam dragons
  Menkaure (D:5)
  A vampire mosquito (Lair:5)
  A death yak simulacrum (Lair:1)
  A swamp worm (Lair:3)
  13 water moccasins
  4 sky beasts
  7 orc warriors
  4 black bears
  2 ice beasts
  15 wolves
  An ogre (D:5)
  4 phantoms
  3 centaurs
  3 kobold brigands
  12 bullfrogs
  A gnoll sergeant (D:7)
  9 scorpions
  A cane toad simulacrum (Lair:1)
  9 wights (D:6)
  29 killer bees
  8 vampire bats (Bailey)
  5 wolf zombies (Bailey)
  A howler monkey (D:6)
  2 jellies
  A hound (D:7)
  10 orc priests
  2 gnoll boudas
  Jessica (D:3)
  2 sleepcaps
  7 orc wizards
  6 iguanas
  2 mummies (Ossuary)
  3 gnolls (D:7)
  12 adders
  A shadow imp (D:5)
  2 white imps (D:8)
  3 ufetubi
  4 adder zombies (Ossuary)
  5 dart slugs
  43 orcs
  4 ball pythons
  An endoplasm (D:2)
  5 goblins
  2 hobgoblins (D:1)
  7 jackals
  14 kobolds
  2 quokkas (D:1)
  3 bats
  15 frilled lizards
  2 goblin zombies (Ossuary)
  10 hobgoblin zombies (Ossuary)
  2 jackal zombies (Ossuary)
  8 kobold zombies (Ossuary)
  27 orc zombies
  4 rats
  2 rat zombies (Ossuary)
463 creatures vanquished.

Vanquished Creatures (others)
  An orc (D:9)
  4 kobolds (D:9)
  9 foxfires (Lair:5)
14 creatures vanquished.

Grand Total: 477 creatures vanquished

Notes
Turn   | Place    | Note
-------+----------+-------------------------------------------
     0 | D:1      | GigaChad the Minotaur Hunter began the quest for the Orb.
     0 | D:1      | Reached XP level 1. HP: 18/18 MP: 0/0
   190 | D:1      | Reached XP level 2. HP: 23/25 MP: 1/1
   524 | D:1      | Reached skill level 5 in Ranged Weapons
   857 | D:2      | Reached XP level 3. HP: 30/30 MP: 2/2
   879 | D:2      | Reached skill level 1 in Armour
   919 | D:2      | Found a faded altar of an unknown god.
   931 | D:2      | Prayed at the altar of an unknown god.
   931 | D:2      | Became a worshipper of Ignis, the Dying Flame
   951 | D:2      | Identified the +10 sling of Pandemonium {freeze, rElec
                  | Str+4}
  1074 | D:2      | Found a runed translucent door.
  1075 | D:2      | Noticed Crazy Yiuf
  1124 | D:2      | Found the +27 heavy crossbow "Sniper" {heavy, Acc+∞ SInv}
  1212 | D:2      | You fall into a shaft and drop 1 floor!
  1629 | D:3      | Noticed Jessica
  1630 | D:3      | Killed Jessica
  1631 | D:3      | Reached XP level 4. HP: 37/37 MP: 3/3
  1704 | D:3      | Identified the +0 leather armour "Ridoucw" {Int+4}
  2012 | D:4      | Reached skill level 6 in Ranged Weapons
  2073 | D:4      | Noticed a scorpion
  2074 | D:4      | Killed a scorpion
  2074 | D:4      | Noticed a bullfrog
  2075 | D:4      | Reached XP level 5. HP: 45/45 MP: 4/4
  2180 | D:4      | Reached skill level 7 in Ranged Weapons
  2180 | D:4      | Reached XP level 6. HP: 51/51 MP: 5/5
  2601 | D:4      | Found Moco's Magic Scroll Emporium.
  2818 | D:5      | Entered Level 5 of the Dungeon
  2888 | D:5      | Reached XP level 7. HP: 58/58 MP: 6/6
  2933 | D:5      | Reached skill level 8 in Ranged Weapons
  2944 | D:5      | Got the Lectures on Rancid Elsewhere
  3075 | D:5      | Noticed a troll
  3078 | D:5      | Reached skill level 9 in Ranged Weapons
  3098 | D:5      | Killed a troll
  3099 | D:5      | Reached XP level 8. HP: 18/67 MP: 7/7
  3545 | D:5      | Reached skill level 5 in Fighting
  3594 | D:5      | Reached skill level 10 in Ranged Weapons
  4016 | D:5      | Noticed Menkaure
  4020 | D:5      | Killed Menkaure
  4357 | D:5      | Reached skill level 11 in Ranged Weapons
  4357 | D:5      | Reached XP level 9. HP: 75/75 MP: 8/8
  4373 | D:5      | Found a glowing golden altar of the Shining One.
  4604 | D:6      | Identified the +3 spear of the Pits of Slime {speed, Int+4}
  4649 | D:6      | Found a staircase to the Ecumenical Temple.
  4673 | Temple   | Entered the Ecumenical Temple
  4712 | D:6      | Reached skill level 5 in Armour
  4750 | D:6      | Noticed a troll
  4753 | D:6      | Killed a troll
  4754 | D:6      | Reached skill level 5 in Dodging
  4760 | D:6      | Found the +18 Lear's hauberk
  4900 | D:6      | Reached skill level 12 in Ranged Weapons
  5343 | D:7      | Reached skill level 1 in Stealth
  5405 | D:7      | Found a flagged portal.
  5420 | Bailey   | Entered a bailey
  5484 | Bailey   | Noticed a gargoyle
  5485 | Bailey   | Killed a gargoyle
  5486 | Bailey   | Reached skill level 13 in Ranged Weapons
  5486 | Bailey   | Reached XP level 10. HP: 86/86 MP: 9/9
  5529 | Bailey   | Identified the +1 leather armour "Ihyph" {rPois}
  5694 | D:7      | Found a large runed translucent door.
  5694 | D:7      | Found a large runed translucent door.
  6345 | D:7      | Found a radiant altar of Vehumet.
  6350 | D:7      | Found a shadowy altar of Dithmenos.
  6459 | D:8      | Reached skill level 14 in Ranged Weapons
  6505 | D:8      | Found Zin's Purification Station.
  6509 | D:8      | Found a glowing silver altar of Zin.
  6514 | D:8      | Bought a potion of curing for 90 gold pieces
  6567 | D:8      | Identified the ring of Irhank {rPois Will- EV+5 Int+2}
  6578 | D:8      | Noticed a gargoyle
  6579 | D:8      | Killed a gargoyle
  6726 | D:8      | Found a sand-covered staircase.
  6735 | Ossuary  | Entered an ossuary
  7439 | D:9      | Found a staircase to the Orcish Mines.
  7463 | D:9      | Noticed a two-headed ogre
  7464 | D:9      | Killed a two-headed ogre
  7495 | D:9      | Reached XP level 11. HP: 88/90 MP: 10/10
  7781 | D:10     | Entered Level 10 of the Dungeon
  7941 | D:10     | Found the +0 toga "Victory" {*Victory Clar}
  8001 | D:10     | Found a staircase to the Lair.
  8012 | D:10     | Reached skill level 15 in Ranged Weapons
  8246 | Lair:1   | Entered Level 1 of the Lair of Beasts
  8383 | Lair:1   | Found a frozen archway.
  8922 | Lair:2   | Noticed a death yak
  8922 | Lair:2   | Noticed a death yak
  8941 | Lair:2   | Noticed jtron's ghost (journeyman TrBe)
  8941 | Lair:2   | Found a runed translucent door.
  8993 | Lair:2   | Noticed a skyshark
  8995 | Lair:2   | Killed a skyshark
  8997 | Lair:2   | Noticed a boulder beetle
  9004 | Lair:2   | Killed a boulder beetle
  9005 | Lair:2   | Reached skill level 16 in Ranged Weapons
  9063 | Lair:2   | Noticed Gastronok
  9066 | Lair:2   | Killed Gastronok
  9183 | Lair:2   | Killed a death yak
  9184 | Lair:2   | Reached XP level 12. HP: 104/104 MP: 11/11
  9186 | Lair:2   | Killed a death yak
  9257 | Lair:2   | Found a staircase to the Snake Pit.
  9339 | Lair:2   | Noticed a five-headed hydra
  9341 | Lair:2   | Killed a five-headed hydra
  9698 | Lair:2   | Reached skill level 17 in Ranged Weapons
  9888 | Snake:1  | Entered Level 1 of the Snake Pit
 10019 | Lair:3   | Reached skill level 10 in Fighting
 10022 | Lair:3   | Reached skill level 10 in Armour
 10148 | Lair:3   | Noticed a five-headed hydra
 10151 | Lair:3   | Killed a five-headed hydra
 10151 | Lair:3   | Noticed a catoblepas
 10152 | Lair:3   | Reached skill level 5 in Stealth
 10153 | Lair:3   | Killed a catoblepas
 10253 | Lair:3   | Noticed a six-headed hydra
 10255 | Lair:3   | Killed a six-headed hydra
 10258 | Lair:3   | Noticed an eight-headed hydra
 10260 | Lair:3   | Killed an eight-headed hydra
 10277 | Lair:3   | Found a staircase to the Swamp.
 10331 | Lair:3   | Identified the ring of Summer {*Corrode rC+ rN+ Will+
                  | Dex+6}
 10339 | Lair:3   | Reached XP level 13. HP: 114/114 MP: 12/12
 10410 | Lair:3   | Reached skill level 18 in Ranged Weapons
 10861 | Lair:4   | Noticed Josephine
 10862 | Lair:4   | Noticed Sonja
 10864 | Lair:4   | Killed Josephine
 10871 | Lair:4   | Killed Sonja
 11036 | Lair:4   | Identified the +7 dagger of Mixzuax {drain, Fragile rPois
                  | Str+6 Dex+3}
 11484 | Lair:5   | Entered Level 5 of the Lair of Beasts
 11693 | Lair:5   | Reached skill level 19 in Ranged Weapons
 11750 | Lair:5   | Slain by a tyrant leech

Illustrated notes

Levels and vault maps discovered:
D:1:      saegor_arrival_simple_d, layout_basic, minmay_misc_feat_cross
D:2:      layout_loops_ring, hellmonk_ecumenical_altar_arch_garden,
          uniq_crazy_yiuf_cottage
D:3:      layout_rooms, kennysheep_cluttered_room, minmay_lizard_king,
          uniq_jessica
D:4:      layout_loops_ring, serial_shops, kennysheep_mini_moat
D:5:      minmay_polygon_palace, layout_layer_cave, tso_altar,
          dreamdust_mushroom_princess, uniq_menkaure
D:6:      layout_basic, minmay_temple_entry_statues_pillars,
          minmay_misc_feat_chi, hellmonk_guarded_unrand_lears
D:7:      layout_loops_ring, jmf_multi_god_temple2, enter_bailey_6,
          lightli_corner_chamber
D:8:      layout_cave_pods, zin_purify, nicolae_ossuary_entry_ruins
D:9:      layout_big_octagon, david_orc_5
D:10:     layout_rooms, david_lair_shrubbed, serial_bayou_pond_e,
          minmay_fountain_box
Temple:   dpeg_three_leaves_temple
Lair:1:   layout_cave_shapes, portal_ice_cave_entry_ice_simulacra,
          grunt_megastairs_1
Lair:2:   layout_gridlike, dummy_snake_entry, ebering_ghost_inner_flame,
          special_room [special_room_bee], minmay_lindwurm_lava, uniq_gastronok
Lair:3:   layout_chaotic_city, palyth_hydra_swamp_entry,
          hangedman_lair_generics_rect, lemuel_fruit_fields,
          serial_bayou_shore_b
Lair:4:   layout_misc_corridors, dreamdust_gnoll_shepherd, uniq_sonja,
          uniq_josephine
Lair:5:   minmay_lair_end_frog_pond, layout_cave_pods, dpeg_slime_entry_corner,
          st_stairs_11
Snake:1:  layout_grid_shapes

Skill      XL: |  1  2  3  4  5  6  7  8  9 10 11 12 13 |
---------------+----------------------------------------+-----
Ranged Weapons | 5 6 7 9 11 13 14 16 17 19 | 19.0
Armour         | 1 2 3 4 5 6 9 10 12 | 12.2
Fighting       | 3 4 6 7 8 9 10 11 | 11.4
Dodging        | 3 4 5 6 7 8 9 |  9.0
Stealth        | 1 2 4 5 6 |  6.1

Action                     |  1- 3 |  4- 6 |  7- 9 | 10-12 | 13-15 || total
---------------------------+-------+-------+-------+-------+-------++-------
  Melee: Heavy crossbow    |       |       |       |     9 |       ||     9
         Headbutt          |       |       |       |     2 |       ||     2
   Fire: Shortbow          |    63 |       |       |       |       ||    63
         Heavy crossbow    |     4 |    36 |    87 |   273 |    81 ||   481
 Invoke: Foxfire Swarm     |       |       |       |       |     1 ||     1
    Use: Scroll            |     4 |     4 |     6 |     6 |     4 ||    24
         Potion            |       |       |       |       |     1 ||     1
 Armour: Leather armour    |     4 |     2 |     4 |       |       ||    10
         Chain mail        |       |       |    17 |   230 |   151 ||   398
  Dodge: Dodged            |    14 |     4 |    31 |   335 |   233 ||   617
